 Dungeon Crawl Stone Soup version 0.30-a0-557-ge2afbf3030 (webtiles) character file.

Game seed: 6576871849151011727

5835 sokol815 the Slicer (level 11, -5/64 HPs)
             Began as a Kobold Delver on Dec 27, 2022.
             Was an Initiate of Gozag.
             Slain by an orc warrior
             ... wielding a +0 glaive
              (28 damage)
             ... in a bailey.
             The game lasted 00:28:56 (9047 turns).

sokol815 the Slicer (Kobold Delver)                 Turns: 9047, Time: 00:28:57

Health: -5/64      AC: 14    Str: 11    XL:     11   Next: 7%
Magic:  11/11      EV: 13    Int: 14    God:    Gozag
Gold:   949        SH:  8    Dex: 20    Spells: 3/10 levels left

rFire   . . .      SeeInvis +    a - +0 rapier
rCold   . . .      Faith    .    o - +1 buckler of the Lost Friends {SInv}
rNeg    . . .      Spirit   .    i - +0 ring mail
rPois   .          Reflect  .    h - +1 helmet {Int+3}
rElec   .          Harm     .    (no cloak)
rCorr   .          Rampage  .    v - +1 pair of gloves
Will    +....                    g - +0 pair of boots
Stlth   +++++                    n - amulet of regeneration
HPRegen 1.10/turn                W - ring of willpower
MPRegen 0.12/turn                A - +4 ring of protection

@: no status effects
A: small, no large weapons, nightstalker 3
a: Renounce Religion, Potion Petition, Call Merchant, Bribe Branch


You were in a bailey.
You worshipped Gozag.
Gozag was pleased with you.
You visited 2 branches of the dungeon, and saw 11 of its levels.
You also visited: Bailey.

You collected 1401 gold pieces.
You spent 268 gold pieces at shops.
You paid 184 gold pieces to Gozag.

Inventory:

Hand Weapons
 a - a +0 rapier (weapon)
   (You took it off an orc on level 6 of the Dungeon)
 b - a +2 scimitar of holy wrath
   (You bought it in a shop on level 8 of the Dungeon)
 z - a +0 shortbow of electrocution
   (You took it off a centaur on level 8 of the Dungeon)
 E - a +2 hand axe of freezing
   (You took it off a wight on level 8 of the Dungeon)
 F - a +0 whip of electrocution
   (You took it off an orc on level 8 of the Dungeon)
 H - a +4 morningstar of freezing
   (You took it off a wight on level 8 of the Dungeon)
Missiles
 e - 3 datura-tipped darts (quivered)
 m - 3 curare-tipped darts
 s - 91 stones
 Q - 10 poisoned darts
 S - 3 boomerangs
Armour
 f - a +0 kite shield
   (You found it on level 5 of the Dungeon)
 g - a +0 pair of boots (worn)
   (You found it on level 3 of the Dungeon)
 h - a +1 helmet of intelligence (worn)
   (You found it on level 3 of the Dungeon)
 i - a +0 ring mail (worn)
   (You found it on level 2 of the Dungeon)
 o - the +1 buckler of the Lost Friends (worn) {SInv}
   (You found it on level 2 of the Dungeon)

   SInv:      It lets you see invisible.
 v - a +1 pair of gloves (worn)
   (You found it on level 6 of the Dungeon)
 L - a +0 leather armour
Jewellery
 n - an amulet of regeneration (around neck)
   (You found it on level 4 of the Dungeon)
 t - an amulet of reflection
   (You found it on level 3 of the Dungeon)
 A - a +4 ring of protection (right hand)
   (You found it on level 5 of the Dungeon)
 N - a ring of positive energy {rN+}
   (You found it on level 7 of the Dungeon)
 W - a ring of willpower (left hand)
   (You found it on level 3 of the Dungeon)
Wands
 d - a wand of digging (3)
 j - a wand of polymorph (10)
   (You found it on level 8 of the Dungeon)
 q - a wand of flame (10)
   (You found it on level 10 of the Dungeon)
Scrolls
 c - 2 scrolls of fog
 k - 2 scrolls of identify {@r1}
 u - 3 scrolls of poison {!r}
 D - a scroll of amnesia
 K - a scroll of immolation {!r}
 O - a scroll of silence
 X - 2 scrolls of magic mapping {@r4!r}
Potions
 p - a potion of cancellation
 x - a potion of heal wounds {@q2}
 B - a potion of brilliance
 G - 3 potions of ambrosia {!q}
 I - a potion of invisibility
 J - 3 potions of curing {@q1}
 M - a potion of magic
 P - 2 potions of lignification {!q}
 R - a potion of might
 U - 5 potions of mutation {!q}


   Skills:
 - Level 6.0 Fighting
 - Level 14.0 Short Blades
 - Level 2.4 Dodging
 + Level 11.1 Stealth
 - Level 4.0 Shields
 * Level 7.1 Conjurations


You had 3 spell levels left.
You knew the following spells:

 Your Spells              Type           Power      Damage    Failure   Level
a - Orb of Destruction    Conj           10%        9d6       100%        7

Your spell library contained the following spells:

 Spells                   Type           Power      Damage    Failure   Level
 Shock                    Conj/Air       40%        1d5       24%         1
 Apportation              Tloc           0%         N/A       71%         1
 Mephitic Cloud           Conj/Pois/Air  6%         N/A       77%         3
 Cigotuvi's Dreadful Rot  Necr/Pois/Air  0%         N/A       85%         2
 Poisonous Vapours        Pois/Air       0%         N/A       85%         2
 Kindle Blastsparks       Fire/Tloc/Air  0%         2d10      97%         3
 Summon Guardian Golem    Hex/Summ       0%         N/A       97%         3
 Swiftness                Air            0%         N/A       97%         3
 Fulminant Prism          Conj/Hex       5%         3d7       94%         4
 Iskenderun's Mystic Bla  Conj/Tloc      10%        2d4       94%         4
 Airstrike                Air            0%         2d(0-16)  100%        4
 Alistair's Intoxication  Tmut/Pois      0%         N/A       100%        5
 Lee's Rapid Deconstruct  Erth           0%         3d4*      100%        5
 Summon Forest            Summ/Tloc      0%         N/A       100%        5
 Eringya's Noxious Bog    Tmut/Pois      0%         N/A       100%        6
 Spellforged Servitor     Conj/Summ      5%         N/A       100%        7
 Summon Hydra             Summ           0%         N/A       100%        7


Dungeon Overview and Level Annotations

Branches:
Dungeon (10/15) Zot: 26476  Temple (1/1) D:7 Zot: 5911  Bailey (1/1) Zot: 5651
   Lair: D:8-11         Orc: D:9-12

Altars:
Ashenzari
Dithmenos
Elyvilon
Fedhas
Gozag
Hepliaklqana
Nemelex Xobeh
Okawaru
Ru
Trog
Vehumet
Wu Jian
Xom
Yredelemnul

Shops:
D:8 (

Annotations:
D:6 1 runed translucent door, Crazy Yiuf, Sigmund
D:8 Gastronok
D:9 3 runed translucent doors, greenreed's ghost, novice MiFi


Innate Abilities, Weirdness & Mutations

You are small and have problems with some larger weapons.
You are completely attuned to the shadows.


Message History

You hit the orc warrior.
The orc warrior hits you with a +0 halberd!
You take 8 damage, and have 21/64 hp.
You closely miss the orc warrior. You block the orc warrior's attack.
You closely miss the orc warrior.
The orc warrior hits you with a +0 halberd!
* * * LOW HITPOINT WARNING * * *
You take 10 damage, and have 12/64 hp.
Unknown command.
You closely miss the orc warrior. The orc warrior closely misses you.
You hit the orc warrior.
You kill the orc warrior!
You now have 932 gold pieces (gained 6).
Things that are here:
a +0 halberd; a +0 ring mail You regained 2 hp, and now have 15/64 hp.
You now have 937 gold pieces (gained 5).
e - 2 datura-tipped darts (gained 1)
Things that are here:
a +0 spear; a +0 ring mail You regained 3 hp, and now have 18/64 hp.
e - 3 datura-tipped darts (gained 1)
You regained 2 hp, and now have 20/64 hp.
You now have 941 gold pieces (gained 4).
There is a fountain of clear blue water here.
Things that are here:
a +0 glaive; a +0 plate armour You regained 2 hp, and now have 23/64 hp.
You start resting.
Health restored: 64
There is a gate leading back out of this place here.
There is a fountain of clear blue water here.
Things that are here:
a +0 spear; a +0 ring mail
Things that are here:
a +0 halberd; a +0 ring mail You now have 949 gold pieces (gained 8).
e - 4 datura-tipped darts (gained 1)
Things that are here:
a +0 halberd; a +0 scale mail Search for what [Enter for "short blade", or ? for help]? .
You open the door.
There is an open door here.
You open the door.
There is an open door here.
There is a large open door here.
Throw: 4 darts (datura)
Aim: an orc warrior, wielding a +0 glaive and wearing a +0 plate armour (65% to hit, chance to frenzy on hit: 82%)
You throw a datura-tipped dart.
The datura-tipped dart hits the orc warrior.
The orc warrior flies into a frenzy!
The orc warrior hits you from afar with a +0 glaive!
You take 12 damage, and have 52/64 hp.
The orc warrior hits you with a +0 glaive.
There is a large open door, spattered with blood here.
You take 4 damage, and have 48/64 hp.
You hit the orc warrior but do no damage.
The orc warrior barely misses you.
You hit the orc warrior but do no damage.
You block the orc warrior's attack.
You hit the orc warrior but do no damage.
You closely miss the orc warrior. The orc warrior misses you.
You hit the orc warrior but do no damage.
The orc warrior hits you but does no damage.
You hit the orc warrior but do no damage.
The orc warrior hits you with a +0 glaive!!
You take 19 damage, and have 31/64 hp.
MASSIVE DAMAGE!!
Here: an orc warrior, wielding a +0 glaive and wearing a +0 plate armour (fast, strong, frenzied and insane)
The floor.
Unknown command.
You hit the orc warrior but do no damage.
The orc warrior completely misses you.
You completely miss the orc warrior.
You hit the orc warrior but do no damage.
The orc warrior hits you but does no damage.
You hit the orc warrior but do no damage.
The orc warrior closely misses you.
You barely miss the orc warrior.
The orc warrior hits you with a +0 glaive.
You take 6 damage, and have 28/64 hp.
You hit the orc warrior. The orc warrior misses you.
You hit the orc warrior but do no damage.
The orc warrior completely misses you.
You closely miss the orc warrior. You block the orc warrior's attack.
You barely miss the orc warrior.
The orc warrior hits you with a +0 glaive!
* * * LOW HITPOINT WARNING * * *
You take 11 damage, and have 19/64 hp.
Unknown command.
The orc warrior attacks as you move away!
The orc warrior closely misses you. The orc warrior barely misses you.
There is a large open door here.
The orc warrior closely misses you.
The orc warrior shouts!
There is an open door here.
The orc warrior attacks as you move away!
The orc warrior hits you with a +0 glaive!!
You die...
Your body crumbles into a pile of gold.

##..~~.....~~..##
##..~~..###..~~..##########
...~~..## ##..~~..........#
~~~~..## ##..~~~~~~~~~~.#
...).## ##..........~.#
###### ###########.~.# $$
#.......§.##.....##.~.# $.
..§§≈.≈≈≈..##o..##..~.# .#
.≈≈.§...≈≈..@#.##..~~.#
≈≈...⌠...≈≈..#o#..~~.##
....)∩⌠.)....#'#..~).∩#
.≈§..§.)≈§..##.##.))).#
..≈§≈§≈≈≈..##.$.##..~.#
#....§...)##.....##.~.#
#########'###'#########.~.#
.....##.....##..........~.#
~~~~..##.∩.##..~~~~~~~~~~.#


You could see a neutral orc warrior (fast, strong, insane).

Vanquished Creatures
  An unseen horror (D:10)
  A troll (D:9)
  6 yaks
  A wyvern (D:8)
  3 vampire mosquitoes (D:10)
  2 steam dragons (D:9)
  4 water moccasins
  3 orc warriors
  2 sky beasts (D:8)
  An ogre (D:5)
  2 black bears
  5 centaurs
  A bullfrog (D:8)
  2 scorpions (D:5)
  13 wights
  4 killer bees (D:10)
  6 orc priests
  4 hounds
  A jelly (D:6)
  Jessica (D:2)
  2 iguanas
  11 orc wizards
  6 adders
  4 shadow imps
  2 white imps
  2 ufetubi
  4 worms
  2 dart slugs
  45 orcs
  4 ball pythons
  6 endoplasms
  3 giant cockroaches
  A goblin (D:4)
  2 hobgoblins
  7 quokkas
  3 bats
  3 frilled lizards
  5 kobolds
  A rat (D:1)
  A spectral kobold (D:8)
177 creatures vanquished.

Vanquished Creatures (collateral kills)
  3 orc warriors (Bailey)
3 creatures vanquished.

Grand Total: 180 creatures vanquished

Notes
Turn   | Place    | Note
-------+----------+-------------------------------------------
     0 | D:5      | sokol815 the Kobold Delver began the quest for the Orb.
     0 | D:5      | Reached XP level 1. HP: 14/14 MP: 1/1
    13 | D:5      | Noticed an ogre
   168 | D:2      | Reached skill level 3 in Short Blades
   334 | D:1      | Reached XP level 2. HP: 19/19 MP: 2/2
   854 | D:2      | Reached skill level 4 in Short Blades
  1052 | D:2      | Noticed Jessica
  1056 | D:2      | Killed Jessica
  1057 | D:2      | Reached skill level 5 in Short Blades
  1057 | D:2      | Reached XP level 3. HP: 23/23 MP: 3/3
  1061 | D:2      | Found a sacrificial altar of Ru.
  1212 | D:2      | Identified the +1 buckler of the Lost Friends {SInv}
  1252 | D:2      | Reached XP level 4. HP: 28/28 MP: 4/4
  1490 | D:3      | Found an iron altar of Okawaru.
  1792 | D:3      | Found a broken altar of Ashenzari.
  1842 | D:3      | Reached skill level 1 in Shields
  2345 | D:4      | Reached XP level 5. HP: 32/32 MP: 5/5
  2348 | D:4      | Reached skill level 2 in Shields
  2360 | D:4      | Reached skill level 6 in Short Blades
  2443 | D:4      | Reached XP level 6. HP: 37/37 MP: 6/6
  2548 | D:4      | Found a radiant altar of Vehumet.
  2673 | D:4      | Reached skill level 3 in Shields
  2727 | D:4      | HP: 4/37 [orc priest/divine providence (16)]
  3213 | D:5      | Noticed a water moccasin
  3248 | D:4      | Killed a water moccasin
  3249 | D:4      | Reached skill level 7 in Short Blades
  3249 | D:4      | Reached skill level 4 in Shields
  3249 | D:4      | Reached XP level 7. HP: 18/41 MP: 7/7
  3251 | D:4      | HP: 10/41 [poisoned by a water moccasin]
  3256 | D:4      | HP: 7/41 [poisoned by a water moccasin]
  3307 | D:5      | Reached skill level 8 in Short Blades
  3493 | D:5      | Found a basalt altar of Yredelemnul.
  3686 | D:5      | Noticed a water moccasin
  3697 | D:5      | Killed a water moccasin
  3698 | D:5      | Reached skill level 9 in Short Blades
  3698 | D:5      | Reached XP level 8. HP: 46/46 MP: 8/8
  3786 | D:5      | Reached skill level 10 in Short Blades
  4055 | D:6      | Reached skill level 7 in Stealth
  4219 | D:6      | Found a runed translucent door.
  4222 | D:6      | Noticed Crazy Yiuf
  4476 | D:6      | Noticed Sigmund
  4504 | D:6      | Reached skill level 4 in Fighting
  4588 | D:6      | Found a blossoming altar of Fedhas.
  5070 | D:7      | Found a staircase to the Ecumenical Temple.
  5083 | Temple   | Entered the Ecumenical Temple
  5154 | Temple   | Became a worshipper of Gozag Ym Sagoz the Greedy
  5283 | D:7      | Reached skill level 8 in Stealth
  5283 | D:7      | Reached XP level 9. HP: 52/52 MP: 9/9
  5320 | D:7      | Reached skill level 11 in Short Blades
  5563 | D:7      | Reached skill level 5 in Fighting
  6047 | D:8      | Learned a level 7 spell: Orb of Destruction
  6089 | D:8      | Found Zavim's Weapon Shoppe.
  6152 | D:8      | Reached skill level 1 in Conjurations
  6429 | D:8      | Bought a +2 scimitar of holy wrath for 268 gold pieces
  6479 | D:8      | Reached skill level 2 in Conjurations
  6498 | D:8      | HP: 12/50 [wight/+3 great sword of freezing (11)]
  6500 | D:8      | Noticed Gastronok
  6564 | D:8      | Reached skill level 12 in Short Blades
  6564 | D:8      | Reached skill level 9 in Stealth
  6610 | D:8      | Reached skill level 3 in Conjurations
  6616 | D:8      | Reached skill level 6 in Fighting
  6616 | D:8      | Reached XP level 10. HP: 39/60 MP: 10/10
  6623 | D:8      | Reached skill level 4 in Conjurations
  6783 | D:8      | Found a hazy altar of Hepliaklqana.
  7200 | D:9      | Reached skill level 13 in Short Blades
  7214 | D:9      | Reached skill level 10 in Stealth
  7214 | D:9      | Reached skill level 5 in Conjurations
  7571 | D:9      | Found a runed translucent gate.
  7571 | D:9      | Found a runed translucent gate.
  7572 | D:9      | Found a runed translucent gate.
  7575 | D:9      | Noticed greenreed's ghost (novice MiFi)
  8098 | D:10     | Entered Level 10 of the Dungeon
  8149 | D:10     | Reached skill level 6 in Conjurations
  8228 | D:10     | Noticed an unseen horror
  8231 | D:10     | Killed an unseen horror
  8232 | D:10     | Reached skill level 14 in Short Blades
  8617 | D:10     | Found a flagged portal.
  8655 | Bailey   | Entered a bailey
  8752 | Bailey   | Reached XP level 11. HP: 64/64 MP: 11/11
  8937 | Bailey   | Reached skill level 11 in Stealth
  8938 | Bailey   | Reached skill level 7 in Conjurations
  8951 | Bailey   | HP: 12/64 [orc warrior/+0 halberd (10)]
  9047 | Bailey   | Slain by an orc warrior

Illustrated notes

Levels and vault maps discovered:
D:1:      spicycebolla_arrival_xxxplode, layout_rooms,
          dreamdust_mushroom_princess, minmay_misc_feat_x
D:2:      layout_loops_ring, basic_altar, uniq_jessica
D:3:      layout_basic, ashenzari_conservatory_becter, okawaru_gym_becter,
          kennysheep_another_room, bh_walls_and_bars
D:4:      cheibrodos_pilgrimage, layout_basic, nicolae_vehumet_radiance,
          kennysheep_donut
D:5:      layout_rooms, mainiacjoe_overflow_catwalk, serial_curves,
          eino_curves_03, eino_curves_04, fountainhead, serial_park_tiny_2,
          minmay_crystal_room
D:6:      layout_loops_corners, fedhas_altar_2, uniq_sigmund,
          uniq_crazy_yiuf_cottage
D:7:      layout_cave_pods, minmay_temple_entry_hall
D:8:      layout_cave_pools, nicolae_hepliaklqana_monster_ancestors,
          serial_shops, shop, uniq_gastronok
D:9:      layout_small_grid, ebering_ghost_rock_garden
D:10:     layout_loops_corners, grunt_temple_overflow_cloverleaf,
          mainiacjoe_overflow_large_starburst, enter_bailey_2, dk_noncrumbling_3
Temple:   zaba_magenta_temple
Bailey:   bailey_polearm_1, bailey

Skill      XL: |  1  2  3  4  5  6  7  8  9 10 11 |
---------------+----------------------------------+-----
Short Blades   | 3 5 6 7 9 10 12 14 | 14.0
Shields        | 1 2 4 |  4.0
Stealth        | 8 9 10 11 | 11.1
Fighting       | 4 6 |  6.0
Conjurations   | 3 6 7 |  7.1
Dodging        | |  2.4

Action                   |  1- 3 |  4- 6 |  7- 9 | 10-12 || total
-------------------------+-------+-------+-------+-------++-------
Melee: Short sword       |    46 |   203 |    83 |       ||   332
       Rapier            |       |       |   191 |   308 ||   499
       Scimitar          |       |       |    25 |    18 ||    43
Throw: Dart              |       |       |     4 |     4 ||     8
  Use: Scroll            |       |    11 |     5 |     2 ||    18
       Potion            |       |     1 |     2 |       ||     3
 Stab: Sleeping          |    14 |    18 |    20 |     9 ||    61
       Distracted        |       |       |     3 |     2 ||     5
Armor: Leather armour    |     6 |       |       |       ||     6
       Ring mail         |     8 |    42 |    80 |    58 ||   188
Dodge: Dodged            |    12 |    54 |   118 |   123 ||   307
Block: Kite shield       |    14 |       |       |       ||    14
       Buckler           |       |    54 |    85 |    97 ||   236
       Reflection        |       |     1 |       |       ||     1

Table legend: (Time is in decaauts)
 A = Elapsed time spent in this place.
 B = Non-inter-level travel time spent in this place.
 C = Inter-level travel time spent in this place.
 D = Time resting spent in this place.
 E = Time spent auto-exploring this place.
 F = Levels seen in this place.
 G = Mean time per level.
                   A        B        C        D        E       F      G
               +--------+--------+--------+--------+--------+-----+--------+
         Total |   8784 |   8338 |    446 |    116 |   6129 |  12 |  732.0 |
       Dungeon |   8347 |   7918 |    429 |     79 |   5950 |  10 |  834.7 |
        Temple |     88 |     71 |     17 |      0 |     57 |   1 |   88.0 |
        Bailey |    348 |    348 |      0 |     37 |    121 |   1 |  348.0 |
               +--------+--------+--------+--------+--------+-----+--------+

Top non-repeatable levels by time:
     D:9: 1041 daAuts
     D:7: 1030 daAuts
     D:6: 996 daAuts
     D:4: 925 daAuts
     D:3: 892 daAuts
     D:8: 881 daAuts
     D:2: 750 daAuts
     D:5: 688 daAuts
     D:1: 616 daAuts
    D:10: 524 daAuts
  Bailey: 348 daAuts
  Temple: 88 daAuts

Table legend:
 A = Kills in this place as a percentage of kills in entire the game.
 B = Kills by you in this place as a percentage of kills by you in the entire game.
 C = Kills by friends in this place as a percentage of kills by friends in the entire game.
 D = Other kills in this place as a percentage of other kills in the entire game.
 E = Experience gained in this place as a percentage of experience gained in the entire game.
 F = Experience gained in this place divided by the number of levels of this place that you have seen.
                   A       B       C       D       E      F
               +-------+-------+-------+-------+-------+----------------------
         Total | 100.0 | 100.0 | 100.0 |   N/A | 100.0 | 694.8
       Dungeon |  87.8 |  89.3 |   0.0 |   N/A |  91.7 | 764.5
        Bailey |  12.2 |  10.7 | 100.0 |   N/A |   8.3 | 692.0
               +-------+-------+-------+-------+-------+----------------------
